 Dungeon Crawl Stone Soup version 0.30-a0-862-g1aabd4f9c5 (webtiles) character file.

Game seed: 14623605132977546729

2349 Hubris850 the Basher (level 9, -17/72 HPs)
             Began as an Ogre Gladiator on Mar 9, 2023.
             Was a Believer of Hepliaklqana.
             Demolished by Joseph
             ... wielding a +0 quarterstaff
              (19 damage)
             ... on level 7 of the Dungeon.
             The game lasted 00:20:29 (6764 turns).

Hubris850 the Basher (Ogre Gladiator)               Turns: 6764, Time: 00:20:31

Health: -17/72     AC:  8    Str: 20    XL:     9   Next: 43%
Magic:  17/17      EV: 10    Int: 13    God:    Hepliaklqana [**....]
Gold:   228        SH:  0    Dex: 10    Spells: 19/19 levels left

rFire   . . .      SeeInvis +    d - +0 giant club
rCold   . . .      Faith    +    (shield currently unavailable)
rNeg    . . .      Spirit   .    b - +0 robe
rPois   .          Reflect  .    c - +0 hat
rElec   .          Rampage  .    D - +0 cloak {Will+}
rCorr   .                        (gloves unavailable)
Will    +....                    (boots unavailable)
Stlth   +                        H - amulet of faith
HPRegen 0.32/turn                k - +4 ring of protection
MPRegen 0.15/turn                n - ring of see invisible

@: no status effects
A: reduced essence, large, unfitting armour, tough skin 1
a: Renounce Religion, Recall Ancestor, Ancestor Identity


You were on level 7 of the Dungeon.
You worshipped Hepliaklqana.
Hepliaklqana was pleased with you.
You visited 2 branches of the dungeon, and saw 8 of its levels.

You collected 363 gold pieces.
You spent 135 gold pieces at shops.

Inventory:

Hand Weapons
 a - a +0 flail
 d - a +0 giant club (weapon)
 s - a +3 whip
 y - a +2 vampiric war axe
Missiles
 e - a large rock
 g - a throwing net
 t - 2 silver boomerangs
 u - 11 poisoned darts
 F - 5 javelins
 G - 2 boomerangs (quivered)
Armour
 b - a +0 robe (worn)
 c - a +0 hat (worn)
 D - a +0 cloak of willpower (worn)
 L - a +0 kite shield
Jewellery
 i - a ring of resist corrosion
 k - a +4 ring of protection (left hand)
 n - a ring of see invisible (right hand)
 H - an amulet of faith (around neck)
Wands
 o - a wand of polymorph (11)
 p - a wand of charming (8)
 z - a wand of acid (1)
 E - a wand of flame (19)
 J - a wand of digging (6)
 K - a wand of roots (14)
Scrolls
 f - a scroll of magic mapping
 m - 2 scrolls of teleportation
 r - 3 scrolls of blinking
 w - 3 scrolls of fear
 x - a scroll of amnesia
 B - 2 scrolls of immolation
 I - a scroll of enchant weapon {unknown}
Potions
 h - 2 potions of lignification
 j - 2 potions of flight
 l - a potion of cancellation
 q - a potion of ambrosia {unknown}
 v - 3 potions of haste {unknown}
 A - a potion of attraction {unknown}
 C - a potion of invisibility
 M - a potion of brilliance {unknown}


   Skills:
 - Level 3.0 Fighting
 + Level 10.0 Maces & Flails
 - Level 3.0 Throwing
 - Level 4.0 Dodging
 - Level 5.5 Spellcasting


You had 19 spell levels left.
You didn't know any spells.
Your spell library was empty.

Dungeon Overview and Level Annotations

Branches:
Dungeon (7/15)             Temple (1/1) D:6

Altars:
Ashenzari
Hepliaklqana
Kikubaaqudgha
Nemelex Xobeh
Sif Muna
Uskayaw
Xom
Yredelemnul
The Shining One

Shops:
D:4 [

Annotations:
D:7 Joseph


Innate Abilities, Weirdness & Mutations

Your life essence is reduced to manifest your ancestor. (-10% HP)
You are too large for most types of armour.
You have tough skin. (AC +1)


Message History

Joseph shoots a sling bullet.
The sling bullet hits you!
Found a wand of polymorph (2). Æðelind points at Joseph and mumbles some strange words.
The puff of frost hits Joseph!
Joseph shoots a sling bullet.
The sling bullet hits you! Æðelind gestures at Joseph while chanting.
The puff of frost hits Joseph.
Joseph unwields a +0 sling.
Joseph wields a +0 quarterstaff.
Joseph hits you with a +0 quarterstaff!
You barely miss Joseph.
Joseph is moderately wounded. Æðelind casts a spell at Joseph.
The puff of frost hits Joseph.
Joseph completely misses you.
You closely miss Joseph.
Joseph is moderately wounded.
Joseph hits you with a +0 quarterstaff!
You closely miss Joseph.
Joseph is moderately wounded.
Joseph hits you with a +0 quarterstaff!!
* * * LOW HITPOINT WARNING * * *
You thump Joseph!
Joseph is heavily wounded.
Joseph shouts, "At last, some action!"
Joseph completely misses you. Æðelind hits Joseph but does no damage.
Joseph hits you but does no damage.
You sock Joseph!
Joseph is severely wounded. Æðelind hits Joseph with a +0 quarterstaff!
Joseph shouts, "Wow!"
Joseph hits you with a +0 quarterstaff!
* * * LOW HITPOINT WARNING * * *
You hit Joseph.
Joseph is almost dead. Æðelind casts a spell at Joseph.
The puff of frost hits Joseph.
Joseph barely misses Æðelind.
You closely miss Joseph.
Joseph is almost dead. Æðelind misses Joseph.
Joseph hits you with a +0 quarterstaff!!
You die...

##### . ..... .# #####..
#+#########.### #......
.................#......
.................#......
.../.......#.....+......
...........#.....#......
......@@...#.....#......
.......R................
......................~≈
.................~~≈~~~.
#+########.....~≈≈~..~..
#....≈≈~..#####
#.....≈...# #.........#
###########


You could see the friendly Æðelind the battlemage and Joseph (ally target).

Vanquished Creatures
  Edmund (D:6)
  A water moccasin (D:5)
  An orc warrior (D:5)
  4 ogres (D:5)
  A black bear (D:6)
  The ghost of Darius099 the Caller, an amateur OpSu (D:3)
  2 bullfrogs
  A scorpion (D:6)
  A jelly (D:5)
  2 howler monkeys
  3 hounds
  6 orc priests
  A gnoll bouda (D:5)
  A sleepcap (D:5)
  Jessica (D:2)
  9 iguanas
  3 orc wizards
  Ijyb (D:3)
  10 gnolls
  6 adders
  3 worms
  2 dart slugs
  21 orcs
  10 ball pythons
  11 endoplasms
  5 giant cockroaches
  4 hobgoblins
  A jackal (D:2)
  6 kobolds
  3 quokkas
  10 bats
  14 goblins
  3 rats
149 creatures vanquished.

Vanquished Creatures (collateral kills)
  A phantom (D:5)
  A gnoll sergeant (D:7)
  An orc priest (D:5)
  4 gnolls (D:7)
  A white imp (D:7)
  An ufetubus (D:5)
  5 orcs
  A kobold (D:4)
15 creatures vanquished.

Vanquished Creatures (others)
  A centaur (D:7)
  A battlemage (D:6)
  5 ancestors
7 creatures vanquished.

Grand Total: 171 creatures vanquished

Notes
Turn   | Place    | Note
-------+----------+-------------------------------------------
     0 | D:1      | Hubris850 the Ogre Gladiator began the quest for the Orb.
     0 | D:1      | Reached XP level 1. HP: 22/22 MP: 1/1
   102 | D:1      | Reached XP level 2. HP: 29/29 MP: 2/2
   239 | D:1      | Reached skill level 3 in Maces & Flails
   296 | D:1      | Reached XP level 3. HP: 37/37 MP: 3/3
   882 | D:2      | Noticed Jessica
   916 | D:2      | Killed Jessica
   917 | D:2      | Reached XP level 4. HP: 41/45 MP: 4/4
  1656 | D:3      | You fall into a shaft and drop 3 floors!
  1695 | D:6      | Noticed a scorpion
  1696 | D:6      | Reached XP level 5. HP: 48/53 MP: 5/5
  1709 | D:6      | Reached skill level 4 in Maces & Flails
  1750 | D:6      | Reached XP level 6. HP: 59/61 MP: 6/6
  1786 | D:6      | Found a staircase to the Ecumenical Temple.
  1798 | Temple   | Entered the Ecumenical Temple
  1808 | Temple   | Became a worshipper of Hepliaklqana the Forgotten
  1830 | D:5      | Entered Level 5 of the Dungeon
  1970 | D:3      | Found a sparkling altar of Nemelex Xobeh.
  2280 | D:3      | Reached skill level 5 in Maces & Flails
  2328 | D:3      | Noticed Ijyb
  2336 | D:3      | Killed Ijyb
  2644 | D:3      | Noticed Darius099's ghost (amateur OpSu)
  2645 | D:3      | Found a runed translucent door.
  2662 | D:3      | Killed Darius099's ghost
  2886 | D:4      | Reached XP level 7. HP: 49/67 MP: 7/7
  2897 | D:4      | Reached skill level 6 in Maces & Flails
  2905 | D:4      | Reached skill level 1 in Spellcasting
  3053 | D:4      | Found Kenwafic's Antique Armour Shop.
  3059 | D:4      | Bought an embroidered cloak for 135 gold pieces
  3187 | D:4      | Reached * piety under Hepliaklqana
  4206 | D:5      | Reached skill level 5 in Spellcasting
  4206 | D:5      | Reached XP level 8. HP: 67/67 MP: 14/16
  4710 | D:5      | Reached skill level 7 in Maces & Flails
  4916 | D:5      | Reached skill level 8 in Maces & Flails
  5096 | D:5      | Reached XP level 9. HP: 49/72 MP: 17/17
  5331 | D:5      | Reached skill level 9 in Maces & Flails
  5728 | D:6      | Noticed Edmund
  5738 | D:6      | Killed Edmund
  6211 | D:6      | Reached ** piety under Hepliaklqana
  6212 | D:6      | Remembered your ancestor Æðelind as a battlemage
  6723 | D:7      | Reached skill level 10 in Maces & Flails
  6752 | D:7      | Noticed Joseph
  6762 | D:7      | HP: 2/72 [Joseph/+0 quarterstaff (11)]
  6764 | D:7      | Demolished by Joseph

Illustrated notes

Levels and vault maps discovered:
D:1:      tarquinn_simple_flora_water_b, layout_loops_ring,
          hangedman_decor_push, minmay_bisected
D:2:      minmay_angry_zag, layout_basic, uniq_jessica
D:3:      layout_loops_ring, nemelex_spade_bored_becter, gammafunk_ghost_grave,
          chequers_mini_garden, kennysheep_generic_room_2, uniq_ijyb
D:4:      layout_basic, serial_shops, nicolae_shop_waterfront,
          serial_bayou_pond_e
D:5:      minmay_razor_zed, layout_basic, minmay_misc_feat_hallway
D:6:      layout_loops_ring, minmay_temple_entry_junction, uniq_edmund
D:7:      layout_basic, st_stairs_3, chequers_serial_rivers_small_a, uniq_joseph
Temple:   nicolae_temple_bog_church

Skill      XL: |  1  2  3  4  5  6  7  8  9 |
---------------+----------------------------+-----
Fighting       | 3 |  3.0
Maces & Flails | 3 4 5 6 8 10 | 10.0
Dodging        | 3 4 |  4.0
Throwing       | 3 |  3.0
Spellcasting   | 5 |  5.5

Action                     |  1- 3 |  4- 6 |  7- 9 || total
---------------------------+-------+-------+-------++-------
  Melee: Flail             |    72 |    74 |       ||   146
         Unarmed           |     1 |       |       ||     1
         Whip              |       |    67 |       ||    67
         War axe           |       |    42 |    75 ||   117
         Punch             |       |     2 |       ||     2
         Giant club        |       |       |   165 ||   165
  Throw: Throwing net      |       |     2 |     1 ||     3
         Large rock        |       |       |     4 ||     4
         Boomerang         |       |       |    37 ||    37
         Dart              |       |       |     3 ||     3
 Invoke: Ancestor Identity |       |       |     2 ||     2
         Ancestor Life: Ba |       |       |     1 ||     1
  Evoke: Wand              |       |       |     5 ||     5
    Use: Potion            |       |       |     6 ||     6
         Scroll            |       |       |     7 ||     7
   Stab: Sleeping          |     1 |       |     1 ||     2
         Invisible         |       |       |     1 ||     1
         Held in net/web   |       |       |     1 ||     1
         Distracted        |       |       |     1 ||     1
 Armour: Robe              |    21 |    98 |   105 ||   224
  Dodge: Dodged            |    46 |   109 |   147 ||   302

Table legend: (Time is in decaauts)
 A = Elapsed time spent in this place.
 B = Non-inter-level travel time spent in this place.
 C = Inter-level travel time spent in this place.
 D = Time resting spent in this place.
 E = Time spent auto-exploring this place.
 F = Levels seen in this place.
 G = Mean time per level.
                   A        B        C        D        E       F      G
               +--------+--------+--------+--------+--------+-----+--------+
         Total |   6854 |   6611 |    243 |    768 |   4240 |   8 |  856.8 |
       Dungeon |   6834 |   6591 |    243 |    768 |   4240 |   7 |  976.3 |
        Temple |     20 |     20 |      0 |      0 |      0 |   1 |   20.0 |
               +--------+--------+--------+--------+--------+-----+--------+

Top non-repeatable levels by time:
     D:5: 1712 daAuts
     D:6: 1222 daAuts
     D:4: 1179 daAuts
     D:3: 918 daAuts
     D:2: 872 daAuts
     D:1: 801 daAuts
     D:7: 127 daAuts
  Temple: 20 daAuts
